 Dungeon Crawl Stone Soup version 0.31.0-12-g77e489cdc1 (webtiles) character file.

Game seed: 7753932175193042420

51 VictoriousLee the Changeling (level 3, -2/26 HPs)
             Began as a Demonspawn Shapeshifter on Mar 2, 2024.
             Slain by an iguana (6 damage)
             ... on level 3 of the Dungeon.
             The game lasted 00:12:15 (1647 turns).

VictoriousLee the Changeling (DsSh)                 Turns: 1647, Time: 00:12:15

Health: -2/26      AC: 11    Str: 16    XL:     3   Next: 58%
Magic:  3/3        EV:  7    Int: 10    God:
Gold:   60         SH:  0    Dex: 12    Spells: 2/2 levels left

rFire   . .          .
                       - Unarmed
rCold   . . .        (no shield)
rNeg    . . .        v - +0 chain mail
rPois   .            (helmet currently unavailable)
rElec   .            (cloak currently unavailable)
rCorr   .            (gloves currently unavailable)
SInv    .            (boots currently unavailable)
Will    .....        (no amulet) Stlth
                     (no ring)
HPRegen 0.24/turn    (no ring)
MPRegen 0.08/turn

%: no passive effects
@: beast-form
A: beast (slay +2), molten scales 2
a: Begin Untransformation


You were on level 3 of the Dungeon.
You were a hulking beast.
You visited 1 branch of the dungeon, and saw 3 of its levels.

You collected 60 gold pieces.

Inventory:

Hand Weapons
 f - a +0 club
 t - a +3 dagger
Missiles
 l - 6 boomerangs (quivered)
Armour
 a - a +0 animal skin
 e - a scarf of repulsion
 g - a +0 pair of boots
 o - a +0 cloak
 v - a +0 chain mail (worn)
Jewellery
 i - an amulet of faith
Talismans
 c - a beast talisman
 d - a flux talisman
 u - a beast talisman
Scrolls
 h - a scroll of enchant armour {unknown}
 k - 2 scrolls of identify {unknown}
 m - a scroll of immolation {unknown}
 p - a scroll of brand weapon {unknown}
 r - a scroll of fog {unknown}
 s - a scroll of teleportation {unknown}
 w - a scroll of blinking {unknown}
Potions
 b - 2 potions of lignification
 j - a potion of magic {unknown}
 n - a potion of mutation {unknown}
 q - a potion of brilliance {unknown}


   Skills:
 - Level 1.0 Fighting
 - Level 1.2 Maces & Flails
 - Level 1.7 Dodging
 - Level 0.7 Stealth
 - Level 2.6 Unarmed Combat
 + Level 3.6 Shapeshifting


You had 2 spell levels left.
You didn't know any spells.
Your spell library was empty.

Dungeon Overview and Level Annotations

Branches:
Dungeon (3/15)

Altars:

Shops:
D:2 *

Annotations:
D:2 1 runed translucent door, Crazy Yiuf


Innate Abilities, Weirdness & Mutations

You are a hulking beast.
Your limbs bulge with bestial killing power. (Slay +2)
You are mostly covered in molten scales. (AC +3)


Message History

There are monsters nearby!
You closely miss the iguana. You punch the iguana, but do no damage.
The iguana barely misses you.
You hit the iguana.
The iguana is lightly wounded.
You hit the iguana.
The iguana is moderately wounded.
A goblin comes into view. It is wielding a +0 dagger.
The iguana closely misses you.
The goblin shouts!
You hit the iguana but do no damage.
The iguana is moderately wounded.
The iguana barely misses you.
You barely miss the iguana.
The iguana is moderately wounded.
The iguana bites you but does no damage.
You hit the iguana but do no damage.
The iguana is moderately wounded.
The iguana barely misses you.
You hit the iguana.
The iguana is heavily wounded.
The iguana bites you!
You hit the iguana but do no damage. Your punch misses the iguana.
The iguana is heavily wounded.
The iguana bites you but does no damage.
You hit the iguana.
The iguana is severely wounded.
The iguana bites you!
* * * LOW HITPOINT WARNING * * *
You hit the iguana.
The iguana is almost dead.
The iguana closely misses you. The goblin hits you with a +0 dagger.
* * * LOW HITPOINT WARNING * * *
The goblin attacks as it pursues you! The goblin hits you but does no damage.
You hit the goblin.
You kill the goblin!
You closely miss the iguana.
The iguana is almost dead.
The iguana bites you.
You die...

....... .......
###### .......
... ... .......
..#...
.......##.#.##
.............
........#.#.#
.......<..#.#
.......hr...#.#
........l)....#
..$.....##.#..#
.........
.......
.........
....##.
........####..#
......... #.#
........# ..
....... ..


You could see an iguana and a rat.

Vanquished Creatures
  A dart slug (D:1)
  5 ball pythons (D:1)
  12 endoplasms
  2 giant cockroaches (D:1)
  7 goblins
  2 hobgoblins (D:1)
  A quokka (D:2)
  3 bats
  5 frilled lizards
  3 kobolds
  3 rats
44 creatures vanquished.

Notes
Turn   | Place    | Note
-------+----------+-------------------------------------------
     0 | D:1      | VictoriousLee the Demonspawn Shapeshifter began the quest
                  | for the Orb.
     0 | D:1      | Reached XP level 1. HP: 15/15 MP: 1/1
   108 | D:1      | Reached skill level 3 in Shapeshifting
   130 | D:1      | Gained mutation: You are partially covered in molten
                  | scales. (AC +2) [demonic ancestry]
   130 | D:1      | Reached XP level 2. HP: 21/21 MP: 2/2
   578 | D:1      | Gained mutation: You are mostly covered in molten scales.
                  | (AC +3) [demonic ancestry]
   578 | D:1      | Reached XP level 3. HP: 23/26 MP: 3/3
   645 | D:1      | Reached skill level 1 in Maces & Flails
   875 | D:2      | Found Jaulel's Assorted Antiques.
  1495 | D:2      | Found a runed translucent door.
  1496 | D:2      | Noticed Crazy Yiuf
  1647 | D:3      | Slain by an iguana

Illustrated notes

Levels and vault maps discovered:
D:1:      lightli_arrival_maybe_door_vault, layout_basic
D:2:      layout_basic, serial_shops, shop, chequers_avenue,
          uniq_crazy_yiuf_cottage
D:3:      layout_basic, nicolae_sif_muna_little_library, serial_shops,
          nicolae_shop_trees, st_stairs_4

Skill      XL: |  1  2  3 |
---------------+----------+-----
Shapeshifting  | 3 |  3.6
Maces & Flails | 1 |  1.2
Fighting       | |  1.0
Dodging        | |  1.7
Stealth        | |  0.7
Unarmed Combat | |  2.6

Action                     || total
---------------------------++-------
  Melee: Club              ||    42
         Unarmed           ||   102
         Punch             ||     3
   Stab: Sleeping          ||     2
 Armour: Animal skin       ||    51
         Chain mail        ||     8
  Dodge: Dodged            ||    82
